 Dungeon Crawl Stone Soup version 0.31-a0-263-ge8cad7f256 (webtiles) character file.

Game seed: 18342233470594696012

189 qw the Shooter (level 5, -6/41 (45) HPs)
             Began as a Minotaur Hexslinger on July 13, 2023.
             Mangled by a wight
             ... wielding a +5 long sword of freezing
              (9 damage)
             ... on level 4 of the Dungeon.
             The game lasted 00:01:12 (2741 turns).

qw the Shooter (Minotaur Hexslinger)                Turns: 2741, Time: 00:01:12

HP:   -6/41 (45)    AC:  6    Str: 12    XL:     5   Next: 40%
MP:   5/5           EV: 11    Int: 10    God:
Gold: 244           SH:  0    Dex: 19    Spells: 5/6 levels left

rFire   . . .        Y - +3 sling
rCold   + . .        (no shield)
rNeg    . . .        g - +0 ring mail
rPois   .            (helmet restricted)
rElec   .            j - +0 cloak
rCorr   .            (no gloves)
SInv    .            (no boots)
Will    .....        (no amulet)
Stlth   +            h - ring of Undoing {rC+ Dex+4}
HPRegen 0.26/turn    (no ring)
MPRegen 0.09/turn

%: no passive effects
@: about to teleport, drained
A: horns 2, retaliatory headbutt
a: no special abilities


You were on level 4 of the Dungeon.
You visited 1 branch of the dungeon, and saw 4 of its levels.

You collected 244 gold pieces.


Innate Abilities, Weirdness & Mutations

You have a pair of horns on your head.
You reflexively headbutt those who attack you in melee.


   Skills:
 - Level 3.0 Fighting
 + Level 5.5 Ranged Weapons
 - Level 1.0 Armour
 - Level 2.1 Dodging
 - Level 1.0 Spellcasting
 - Level 2.0 Hexes


You had 5 spell levels left.
You knew the following spells:

 Your Spells              Type           Power      Damage    Failure   Level
a - Slow                  Hex            16%        N/A       34%         1

Your spell library contained the following spells:

 Spells                   Type           Power      Damage    Failure   Level
 Inner Flame              Hex/Fire       2%         N/A       83%         3
 Portal Projectile        Hex/Tloc       4%         N/A       83%         3
 Cause Fear               Hex            2%         N/A       98%         4

Inventory:

Hand Weapons
 Y - a +3 sling (weapon)
Armour
 g - a +0 ring mail (worn)
 j - a +0 cloak (worn)
 l - a +0 pair of gloves
Jewellery
 h - the ring of Undoing (left hand) {rC+ Dex+4}
   (You acquired it on level 3 of the Dungeon)

   [ring of protection from cold]

   Dex:       It affects your dexterity (+4).
   rC:        It protects you from cold.
Scrolls
 f - 2 scrolls of identify
 m - a scroll of immolation {unknown}
Potions
 a - a potion of haste
 b - a potion of attraction {unknown}
 c - a potion of mutation
 d - a potion of invisibility {unknown}
 i - 6 potions of curing
 k - 2 potions of heal wounds {unknown}

Dungeon Overview and Level Annotations

Branches:
Dungeon (4/15)
 Temple: D:4-7

Altars:
Nemelex Xobeh
Vehumet

Shops:
D:2 :


Message History

The hound zombie bites you.
You shoot a sling bullet. The sling bullet hits the hound zombie.
You destroy the hound zombie!
You start resting.
HP restored.
You open the door.
A wight comes into view.
It is wielding a +5 long sword of freezing.
Enter note:
Enter note:
Enter note: You shoot a sling bullet.
The sling bullet hits the wight but does no damage.
The wight hits you with a +5 long sword of freezing.
The wight barely misses you. You furiously retaliate!
You headbutt the wight, but do no damage.
You shoot a sling bullet.
The sling bullet barely misses the wight.
The wight hits you with a +5 long sword of freezing.
You feel drained.
You shoot a sling bullet.
The sling bullet hits the wight but does no damage.
The wight hits you with a +5 long sword of freezing.
You feel drained. The wight freezes you.
You shoot a sling bullet.
The sling bullet hits the wight but does no damage.
The wight barely misses you.
You shoot a sling bullet.
The sling bullet closely misses the wight.
The wight hits you with a +5 long sword of freezing!
You feel drained. The wight freezes you.
The wight hits you with a +5 long sword of freezing!
The wight freezes you.
2740 ||| READING scroll of teleportation.
As you read the scroll of teleportation, it crumbles to dust.
You feel strangely unstable. The wight barely misses you.
You shoot a sling bullet.
The sling bullet hits the wight but does no damage.
The wight hits you with a +5 long sword of freezing!
You die...

#### #######
..######.....#
#.#......#8#.#
#.#.########'#
###...#
###.###
#.....#
#.z@'.#
#.#####
###.###
#.....# +.+
#..##.# #.# #
#..##.# +.+ #
#.....# #.# #
#.....# +.+ #
#.....######
#.#
####.>..##...#


You could see a wight.

Vanquished Creatures
  A sleepcap (D:3)
  A hound zombie (D:4)
  An adder (D:3)
  2 river rats (D:4)
  An ufetubus (D:4)
  2 worms
  A dart slug (D:2)
  7 orcs
  11 ball pythons
  5 bats
  7 endoplasms
  4 giant cockroaches
  8 hobgoblins
  7 jackals (D:1)
  3 quokkas
  5 frilled lizards
  13 goblins
  6 kobolds
  8 rats
93 creatures vanquished.

Notes
Turn   | Place    | Note
-------+----------+-------------------------------------------
     0 | D:1      | qw the Minotaur Hexslinger began the quest for the Orb.
     0 | D:1      | Reached XP level 1. HP: 16/16 MP: 1/1
     0 | D:1      | 0 ||| qw: Version: 0.3-a-52-g30416fa
     0 | D:1      | 0 ||| qw: Game counter: 7379
     0 | D:1      | 0 ||| qw: Melee chars always use a shield: true
     0 | D:1      | 0 ||| qw: God list: Okawaru
     0 | D:1      | 0 ||| qw: Allow faded altars: false
     0 | D:1      | 0 ||| qw: Do Orc after clearing Dungeon:15 true
     0 | D:1      | 0 ||| qw: Do second Lair branch before Depths: true
     0 | D:1      | 0 ||| qw: Lair rune preference: random
     0 | D:1      | 0 ||| qw: Goals: Normal
     0 | D:1      | 0 ||| PLANNING D:1-11
    70 | D:1      | Noticed a shining eye
    72 | D:1      | Noticed a shining eye
    75 | D:1      | Found a faded altar of an unknown god.
    80 | D:1      | Noticed a shining eye
    80 | D:1      | Noticed a floating eye
   116 | D:1      | Reached skill level 3 in Ranged Weapons
   119 | D:1      | Reached XP level 2. HP: 15/23 MP: 2/2
   357 | D:1      | Reached XP level 3. HP: 19/29 MP: 3/3
   769 | D:1      | 769 ||| UPGRADING to +0 ring mail.
   779 | D:1      | 779 ||| DROPPING +0 robe.
   780 | D:1      | 780 ||| DROPPING ring of flight.
   781 | D:1      | 781 ||| READING scroll labelled XEPOSOG JUHITI.
   782 | D:1      | 782 ||| READING 2 scrolls labelled TUNAHAMNIPT.
   785 | D:1      | 785 ||| READING 5 scrolls labelled VUPUCY ZAVE.
   786 | D:1      | 786 ||| DRINKING 2 cyan potions.
   787 | D:1      | 787 ||| DROPPING scroll of poison.
   866 | D:2      | Reached skill level 4 in Ranged Weapons
   869 | D:2      | 869 ||| FLEEEEING.
   870 | D:2      | 870 ||| FLEEEEING.
   959 | D:2      | Reached skill level 1 in Armour
   992 | D:2      | Found Garatyus's Book Shoppe.
  1303 | D:2      | Found a sparkling altar of Nemelex Xobeh.
  1396 | D:2      | 1396 ||| READING 2 scrolls labelled YSKAIVVEREU.
  1397 | D:2      | 1397 ||| READING scroll of enchant weapon.
  1397 | D:2      | 1397 ||| ENCHANTING +2 sling.
  1398 | D:2      | 1398 ||| READING 5 scrolls of identify.
  1398 | D:2      | 1398 ||| IDENTIFYING bubbling dark potion
  1399 | D:2      | 1399 ||| READING 4 scrolls of identify.
  1399 | D:2      | 1399 ||| IDENTIFYING fuming white potion
  1400 | D:2      | 1400 ||| DROPPING potion of lignification.
  1529 | D:3      | Reached XP level 4. HP: 30/36 MP: 4/4
  1897 | D:3      | Found a radiant altar of Vehumet.
  2079 | D:3      | 2079 ||| UPGRADING to +0 cloak.
  2084 | D:3      | 2084 ||| READING 2 scrolls labelled FYERAI YJIECO.
  2085 | D:3      | 2085 ||| READING scroll labelled ULICRO KAILAEN.
  2085 | D:3      | Identified a scroll of acquirement
  2085 | D:3      | 2085 ||| ACQUIRING ring of Undoing {rC+ Dex+4}
  2085 | D:3      | Acquired the ring of Undoing {rC+ Dex+4}
  2087 | D:3      | 2087 ||| UPGRADING to ring of Undoing {rC+ Dex+4}.
  2088 | D:3      | 2088 ||| READING 4 scrolls of identify.
  2088 | D:3      | 2088 ||| IDENTIFYING fizzy green potion
  2089 | D:3      | 2089 ||| READING 3 scrolls of identify.
  2089 | D:3      | 2089 ||| IDENTIFYING pink potion
  2090 | D:3      | 2090 ||| DROPPING potion of degeneration.
  2091 | D:3      | 2091 ||| DROPPING scroll of revelation.
  2104 | D:4      | 2104 ||| PLANNING SEWER
  2109 | D:4      | 2109 ||| STAIRDANCE
  2111 | D:4      | 2111 ||| STAIRDANCE
  2119 | D:3      | Reached skill level 5 in Ranged Weapons
  2201 | D:4      | Reached XP level 5. HP: 21/42 MP: 5/5
  2201 | D:4      | 2201 ||| FLEEEEING.
  2202 | D:4      | 2202 ||| FLEEEEING.
  2203 | D:4      | 2203 ||| FLEEEEING.
  2204 | D:4      | 2204 ||| STAIRDANCE
  2280 | D:4      | 2280 ||| STAIRDANCE
  2289 | D:3      | HP: 10/42 [worm (1)]
  2290 | D:3      | 2290 ||| READING 2 scrolls of teleportation.
  2479 | D:4      | Reached skill level 3 in Fighting
  2498 | D:4      | 2498 ||| FLEEEEING.
  2499 | D:4      | 2499 ||| FLEEEEING.
  2500 | D:4      | 2500 ||| FLEEEEING.
  2501 | D:4      | 2501 ||| FLEEEEING.
  2739 | D:4      | HP: 5/41 [wight/+5 long sword of freezing (15)]
  2740 | D:4      | 2740 ||| READING scroll of teleportation.
  2741 | D:4      | Mangled by a wight

Levels and vault maps discovered:
D:1:      heliophobic_arrival_battle_scene, layout_basic,
          hellmonk_ecumenical_altar_watching_god
D:2:      layout_basic, serial_shops, nicolae_shop_tiny_waterfront, basic_altar,
          amcnicky_mini_pool_small
D:3:      layout_basic, mainiacjoe_overflow_tiny_flanked, minmay_pentomino_pile
D:4:      layout_basic, lemuel_mausoleum_altar_kikubaaqudgha,
          lightli_sewer_entry_pipes

Skill      XL: |  1  2  3  4  5 |
---------------+----------------+-----
Ranged Weapons | 3 4 5 |  5.5
Fighting       | 2 3 |  3.0
Armour         | 1 |  1.0
Dodging        | |  2.1
Spellcasting   | |  1.0
Hexes          | |  2.0

Action                     |  1- 3 |  4- 6 || total
---------------------------+-------+-------++-------
   Fire: Sling             |   148 |   103 ||   251
    Use: Scroll            |     7 |     6 ||    13
         Potion            |     1 |       ||     1
 Armour: Robe              |     1 |       ||     1
         Ring mail         |     6 |    29 ||    35
  Dodge: Dodged            |    46 |    48 ||    94

Table legend:
 A = Non-vault XP
 B = Vault XP
 C = Vault XP percentage of total XP
 D = Non-vault monster count
 E = Vault monster count
 F = Vault count percentage of total count
                 A         B        C        D         E       F
            +---------+---------+-------+---------+---------+-------
      Total |     202 |      68 |  25.2 |      85 |       8 |   8.6
            +---------+---------+-------+---------+---------+-------
        D:1 |      53 |       0 |   0.0 |      34 |       0 |   0.0
        D:2 |      36 |       0 |   0.0 |      18 |       0 |   0.0
        D:3 |      68 |      22 |  24.4 |      16 |       5 |  23.8
        D:4 |      45 |      46 |  50.5 |      17 |       3 |  15.0
            +---------+---------+-------+---------+---------+-------
